 Dungeon Crawl Stone Soup version 0.31-a0-868-g674d60d6f7 (webtiles) character file.

Game seed: 13219963520531175861

74 LeprechaunX the Changeling (level 4, -22/43 HPs)
             Began as an Octopode Shapeshifter on Oct 11, 2023.
             Annihilated by an ogre
             ... wielding a +0 giant club
              (23 damage)
             ... on level 3 of the Dungeon.
             The game lasted 00:01:38 (1966 turns).

LeprechaunX the Changeling (Octopode Shapeshifter)  Turns: 1966, Time: 00:01:39

Health: -22/43     AC: 22    Str: 15    XL:     4   Next: 30%
Magic:  4/4        EV:  2    Int: 12    God:
Gold:   131        SH:  0    Dex: 11    Spells: 3/3 levels left

rFire   . .          .
                       - Unarmed
rCold   . . .        (no shield)
rNeg    . . .        (helmet currently unavailable)
rPois   +            (no amulet)
rElec   .            (no ring)
rCorr   .            (no ring)
SInv    .            (no ring)
Will    .....        (no ring)
Stlth   +            (no ring)
HPRegen 0.27/turn    (no ring)
MPRegen 0.09/turn    (no ring)
                     (no ring)

%: no passive effects
@: lethally poisoned (-22 -> -23), tree-form
A: stationary, stasis, torment immunity, boosted hp, almost no armour,
(amphibious), 8 rings, (camouflage 1), (gelatinous body 1), (nimble swimmer 1),
(tentacles)
a: no special abilities


You were on level 3 of the Dungeon.
You were a tree.
You visited 1 branch of the dungeon, and saw 3 of its levels.

You collected 131 gold pieces.

Inventory:

Hand Weapons
 q - the +2 hand axe of Trauma {elec, Fly rElec rPois rC-}
   (You took it off a hobgoblin on level 2 of the Dungeon)

   rC-:       It makes you vulnerable to cold.
   rElec:     It insulates you from electricity.
   rPois:     It protects you from poison Fly: It grants you flight.
Missiles
 e - 4 atropa-tipped darts
Talismans
 b - a beast talisman
 c - a flux talisman
Scrolls
 d - 2 scrolls of identify {unknown}
 g - a scroll of vulnerability {unknown}
 j - 3 scrolls of teleportation {unknown}
 k - a scroll of fog {unknown}
 n - a scroll of enchant weapon {unknown}
 p - a scroll of silence {unknown}
Potions
 f - a potion of magic {unknown}
 h - 2 potions of curing {unknown}
 i - a potion of mutation {unknown}
 l - a potion of berserk rage {unknown}
 m - a potion of cancellation {unknown}
 o - a potion of attraction {unknown}
 r - a potion of might {unknown}


   Skills:
 + Level 1.8 Fighting
 + Level 2.6 Dodging
 + Level 3.4 Unarmed Combat
 * Level 3.8 Shapeshifting


You had 3 spell levels left.
You didn't know any spells.
Your spell library was empty.

Dungeon Overview and Level Annotations

Branches:
Dungeon (3/15)

Altars:
Fedhas


Innate Abilities, Weirdness & Mutations

You are a tree.
Your roots penetrate the ground, keeping you stationary.
You cannot be teleported.
You are immune to unholy pain and torment.
Your maximum health is greatly increased.
You cannot wear most types of armour.
((You are amphibious.))
You can wear up to eight rings at the same time.
((Your skin changes colour to match your surroundings (Stealth+).))
((Your rubbery body absorbs attacks. (AC +1, EV +1)))
((You are camouflaged when in or above water. (Stealth+)))
((You have tentacles for arms and can constrict up to eight enemies at once.))


Message History

No target in view!
No target in view!
No target in view!
No target in view!
You see here a +0 club.
Found a stone staircase leading up.
An adder comes into view.
An adder is nearby!
An adder is nearby!
An ogre and a hobgoblin come into view.
A bat and a hobgoblin come into view.
You miss the adder. You grab the adder.
You squeeze the adder, but do no damage.
You constrict the adder. The adder bites you.
You tentacle-slap the adder.
The adder is severely wounded.
You constrict the adder.
The hobgoblin shouts! x2
The adder misses you.
The ogre hits you with a +0 giant club!!
Ouch! That really hurt!
* * * LOW HITPOINT WARNING * * *
You hear a bark!
You release your grip on the adder.
The adder bites you.
* * * LOW HITPOINT WARNING * * *
You are lethally poisoned!
The adder poisons you!
Unknown command.
You tentacle-slap the adder.
You kill the adder!
* * * LOW HITPOINT WARNING * * *
You feel sick.
Unknown command.
Your transformation has ended.
You turn into a tree.
Your roots penetrate the ground.
* * * LOW HITPOINT WARNING * * *
You feel sick.
The ogre hits you with a +0 giant club!!
Ouch! That really hurt!
You die...

#.# #........#.# #.###
#........#.#
#...####........#.######
#...'...)..............#
#...#############.####.#
#...# ........)....#
#...# #########...###
#...# #...#######.####
##### #..bO♣....#.#..
......g#####.#.#.#
....g.. ##.#.#.##
....... #.......#
....... #.......#
....... #.......#
.....#. ##.#...#...
.....#. #.#.#.#.#<.
#.#+#.. . #


You could see an ogre, 2 hobgoblins and a bat.

Vanquished Creatures
  2 adders
  2 dart slugs
  5 ball pythons
  5 endoplasms
  5 goblins
  9 hobgoblins
  7 kobolds
  3 quokkas
  4 frilled lizards
  5 rats (D:1)
47 creatures vanquished.

Notes
Turn   | Place    | Note
-------+----------+-------------------------------------------
     0 | D:1      | LeprechaunX the Octopode Shapeshifter began the quest for
                  | the Orb.
     0 | D:1      | Reached XP level 1. HP: 13/13 MP: 1/1
   207 | D:1      | Reached XP level 2. HP: 4/18 MP: 2/2
   691 | D:1      | Reached XP level 3. HP: 23/23 MP: 3/3
  1284 | D:2      | Identified the +2 hand axe of Trauma {elec, Fly rElec rPois
                  | rC-}
  1362 | D:2      | Found a blossoming altar of Fedhas.
  1818 | D:3      | Reached XP level 4. HP: 25/29 MP: 4/4
  1960 | D:3      | Noticed an ogre
  1965 | D:3      | HP: 1/29 [poisoned by an adder]
  1966 | D:3      | Annihilated by an ogre

Illustrated notes

Levels and vault maps discovered:
D:1:      kennysheep_arrival_forest, layout_basic,
          chequers_serial_rivers_small_b, nrook_mini_backslash
D:2:      layout_rooms, basic_altar
D:3:      layout_basic, basic_ecumenical_altar

Action                     |  1- 3 |  4- 6 || total
---------------------------+-------+-------++-------
  Melee: Unarmed           |    79 |    13 ||    92
         Constrict         |    19 |     4 ||    23
         Tentacles         |    11 |     2 ||    13
         Punch             |     2 |       ||     2
    Use: Potion            |       |     1 ||     1
   Stab: Sleeping          |     5 |     1 ||     6
 Armour: Skin              |    35 |     5 ||    40
  Dodge: Dodged            |    29 |     6 ||    35

Table legend: (Time is in decaauts)
 A = Elapsed time spent in this place.
 B = Non-inter-level travel time spent in this place.
 C = Inter-level travel time spent in this place.
 D = Time resting spent in this place.
 E = Time spent auto-exploring this place.
 F = Levels seen in this place.
 G = Mean time per level.
                   A        B        C        D        E       F      G
               +--------+--------+--------+--------+--------+-----+--------+
         Total |   1960 |   1877 |     83 |      0 |   1598 |   3 |  653.3 |
       Dungeon |   1960 |   1877 |     83 |      0 |   1598 |   3 |  653.3 |
               +--------+--------+--------+--------+--------+-----+--------+

Top non-repeatable levels by time:
     D:1: 1166 daAuts
     D:2: 642 daAuts
     D:3: 151 daAuts
